maximus, lawful male human Knight --- --.-- --- -- --...| ---- -----..| | | .--- | |....--|..-- -..|..G..............h- |.....--...---....................-- |.<......)........................%- |.....----...@G.......- ------ --....- |...hG.........| -..|... |....G.........- ...|--.--...(....--.-- .| |...| .........| -- | -.--- ..........| .. -........--- -- ---.....-- ----..| |..- --.. .. .. -- maximus the Esquire Experience level: 3 Strength: 17 Dexterity: 8 Constitution: 14 Intelligence: 7 Wisdom: 15 Charisma: 17 Health: 0(30) Energy: 26(26) Def: 8 Gold: 199 Moves: 2369 Dungeon seed: UqoXMT3-Ucx3XuK5 Game ID: maximus_1511223983 Your Inventory: Coins $ - 199 gold pieces Weapons a - an uncursed +1 long sword (weapon in hand) b - an uncursed +1 lance (alternate weapon; not wielded) Armor q - an uncursed +0 small shield (being worn) r - an uncursed +0 pair of leather gloves (being worn) z - an uncursed +0 chain mail (being worn) Y - an uncursed +0 orcish helm (being worn) Comestibles c - 4 uncursed apples d - 9 uncursed carrots B - an uncursed partly eaten food ration Scrolls u - a blessed scroll of identify x - an uncursed scroll of identify Potions f - an uncursed potion of booze Rings v - an uncursed ring of fire resistance (on left hand) Wands g - an uncursed wand of cancellation (0:4) C - an uncursed wand of speed monster (0:4) Gems y - an uncursed garnet stone Spells and supernatural/magical abilities: Spells marked with '*' are forgotten. Spells marked with '!' are maintained. Spells marked with '#' are aliased with 'castalias'. Name Level Category Fail Memory W - pray for help -- divine ? -- X - turn undead -- divine ? -- Your skills at the end: Fighting Skills riding [Basic] wands [Basic] Weapon Skills long sword [Basic] lance [Basic] Spellcasting Skills Final Attributes: You were piously aligned. You were fire resistant. You could jump. You are dead. Vanquished creatures: a coyote 2 giant rats 2 yellow molds 7 jackals 2 goblins 3 grid bugs 7 lichens 3 newts 27 creatures vanquished. Voluntary challenges: You followed a strict vegan diet. You used a wielded weapon 25 times, starting on turn 709. You were illiterate. You never genocided any monsters. You never polymorphed an object. You never changed form. You used no wishes. You never split a pudding. You never wrote Elbereth's name. You never violated your personal moral code. Dungeon overview: The Dungeons of Doom: levels 1 to 3 Level 1 a long staircase Level 2 a scroll shop, an altar to Lugh, a fountain Level 3 an armor shop, a fountain, a sink stairs to The Gnomish Mines The Gnomish Mines: Level 4 <- You were here stairs to The Dungeons of Doom History has recorded: On T:1 you entered the Dungeons of Doom to retrieve the Amulet of Yendor! On T:1217 you reached level 2 of The Dungeons of Doom. On T:1589 you advanced to experience level 2. On T:1953 you reached level 3 of The Dungeons of Doom. On T:1962 you advanced to experience level 3. On T:2352 you reached level 1 of The Gnomish Mines. Score breakdown: Gold: 199 ( 7827 points) Experience: 3 levels ( 7878 points) Exploration: 4 levels ( 8.16%) ( 7500 points) Discoveries: 3 items ( 1.20%) ( 3286 points) Valuables value: (no points given unless you survive) Artifact value: 0 ( 0 points) Variety of kills: 8 monsters ( 2.11%) ( 4352 points) Turncount: 2369 turns ( -251 points) Survival: died (score multiplied by 80%) Total score: 24473 Latest messages: There is a long staircase down here. You see here a giant rat corpse. You hear a chugging sound. The dwarf throws a dagger! You are hit by a dagger. The gnome king hurls a magenta potion! The vial crashes on your head and breaks into shards. It suddenly gets dark. A cloud of darkness falls upon you. You can see again. You hit the dwarf. The dwarf hits! You miss the dwarf. The gnome queen hurls an amber potion! The vial crashes on your head and breaks into shards. This burns a little! The gnome king hits! That food really hit the spot! You stop eating. The gnome queen hits! The gnome king hits! You die... Final status: Fare thee well maximus the Knight, killed by a gnome king... You died in The Gnomish Mines on dungeon level 4 with 24473 points, and 199 pieces of gold, after 2369 moves. You were level 3 with a maximum of 30 hit points when you died.